AoeStats
← KRISH_95

Arabia

506843566Analyzed
1v1 RM · 17d ago on Sep 15, 2026· 47m 26s· 2 players
Game mode
Random Map
Map size
Tiny (2 player)
Population
200
Speed
Normal
Resources
Standard
Victory
Conquest
Starting age
Dark Age
Ending age
Imperial Age
RankedLock teamsTeams togetherTeam positionsShared explorationLock speedFull tech treeHidden civsTurbo modeCheats
Victory
Defeat
🇮🇳 Tatars · India
994
+14
🇮🇹 Slavs · Italy
951
-14
JAAC
7:52 Loom
11:04 Feudal Age
11:38 Double-Bit Axe
11:36 Horse Collar
13:45 Man-at-Arms
16:42 Fletching
19:31 Wheelbarrow
24:27 Castle Age
24:35 Pikeman
24:40 Elite Skirmisher
25:47 Hand Cart
27:29 Padded Archer Armor
28:30 Bow Saw
28:44 Town Watch
29:00 Bodkin Arrow
30:37 Forging
32:49 Iron Casting
35:58 Husbandry
36:07 Scale Barding Armor
36:12 Heavy Plow
40:31 Chain Barding Armor
43:46 Imperial Age
41:36 Stone Mining
43:21 Ballistics
44:25 Leather Archer Armor
44:10 Scale Mail Armor
44:12 Murder Holes
45:33 Blast Furnace
43:56 Capped Ram
45:03 Heavy Scorpion
46:53 Siege Ram
KRISH_95
6:59 Loom
9:01 Loom
11:10 Feudal Age
12:50 Double-Bit Axe
12:57 Gold Mining
17:53 Horse Collar
20:52 Castle Age
19:37 Padded Archer Armor
20:12 Fletching
21:36 Bloodlines
26:03 Bodkin Arrow
28:21 Heavy Plow
31:53 Bow Saw
32:32 Wheelbarrow
33:12 Leather Archer Armor
38:20 Ballistics
38:47 Light Cavalry
39:28 Husbandry
42:03 Imperial Age
39:56 Hand Cart
39:27 Town Watch
41:24 Scale Barding Armor
41:31 Forging
43:19 Chain Barding Armor
43:35 Iron Casting
43:00 Bracer
44:05 Chemistry
42:45 Heavy Cavalry Archer
45:08 Ring Archer Armor
Connection lost

Rejoining the realm…

Still unreachable

The connection could not be restored.

Session expired

The server has moved on; the page needs a fresh start.